 Dungeon Crawl Stone Soup version 0.17-a0-2231-gd80ca38 (webtiles) character file.

64 Raultor the Skirmisher (level 4, -3/43 HPs)
             Began as a Gargoyle Fighter on Oct 29, 2015.
             Slain by Raultor's ghost (6 damage)
             ... while paralysed by Raultor's ghost
             ... on level 3 of the Dungeon.
             The game lasted 00:03:26 (1038 turns).

Raultor the Skirmisher (Gargoyle Fighter)           Turns: 1038, Time: 00:03:26

Health: -3/43      AC: 10    Str: 24    XL:     4   Next: 12%
Magic:  4/4        EV:  2    Int:  9    God:
Gold:   51         SH:  0    Dex: 10    Spells: 0 memorised, 3 levels left

rFire  . . .     SeeInvis .     a - +0 flail
rCold  . . .     Clarity  .     b - +0 scale mail
rNeg   + . .     SustAt   .     c - +0 shield
rPois  ∞         Gourm    .     (no helmet)
rElec  +         Spirit   .     (no cloak)
rCorr  .         Warding  .     (no gloves)
rMut   .         Stasis   .     (no boots)
MR     .....                    (no amulet)
Stlth  ..........               (no ring)
                                (no ring)

@: paralysed, berserking, not resistant to hostile enchantments, extremely
unstealthy
A: negative energy resistance 1, electricity resistance, unbreathing,
petrification resistance, rot immunity, AC +3
a: no special abilities


You were on level 3 of the Dungeon.
You were not hungry.

You visited 1 branch of the dungeon, and saw 3 of its levels.

You collected 51 gold pieces.

Inventory:

Hand Weapons
 a - a +0 flail (weapon)
Armour
 b - a +0 scale mail (worn)
 c - a +0 shield (worn)
 i - a +0 large shield
Jewellery
 j - an uncursed ring of see invisible {unknown}
Scrolls
 f - a scroll of amnesia {unknown}
 g - a scroll of remove curse {unknown}
 h - a scroll of enchant weapon {unknown}
 k - a scroll of identify {unknown}
 l - a scroll of immolation {unknown}
Potions
 d - a potion of might
Comestibles
 e - a bread ration


   Skills:
 + Level 3.9 Fighting
 * Level 3.2 Maces & Flails
 + Level 3.7 Armour
 - Level 3.5 Shields


You had 3 spell levels left.
You didn't know any spells.

Dungeon Overview and Level Annotations

Branches:
Dungeon (3/15)

Altars:
The Shining One

Annotations:
D:3 Raultor's ghost, amateur TeAE


Innate Abilities, Weirdness & Mutations

You are resistant to torment.
Your stone body is resilient (AC +3).
You are immune to poison.
You resist negative energy.
You are resistant to electric shocks.
You can survive without breathing.
You are immune to petrification.
You are immune to rotting.


Message History

* * * LOW HITPOINT WARNING * * *
The lightning grounds out.
The jackal is struck by lightning.
The jackal dies!
The lightning arcs!
You are struck by lightning.
You resist.
The lightning arcs!
The goblin is struck by lightning.
The goblin dies!
The lightning grounds out.
You sock Raultor's ghost!
Raultor's ghost is severely damaged.
Raultor's ghost hits you but does no damage.
You closely miss Raultor's ghost.
Raultor's ghost is severely damaged.
Raultor's ghost hits you but does no damage. x2
You suddenly lose the ability to move!
Raultor's ghost hits you but does no damage.
A red film seems to cover your vision as you go berserk!
You feel yourself moving faster!
You feel mighty!
Raultor's ghost hits you but does no damage. x2
Space bends around you.
You die...

#............#
#............##
#.............#
##.......)).###
##...#.)<.##
#####.#..####
#.#.....#
#.###.......#
#....)@.....#
........W.....#
.##.....†.....#
#.##........#
#. #...?.##.# .
..#...# .# .
.###...# ..
#....


You could see Raultor's ghost.

Vanquished Creatures
  2 gnolls (D:2)
  2 adders (D:2)
  A ball python (D:1)
  4 bats
  5 giant cockroaches
  2 goblins
  3 hobgoblins (D:1)
  A giant newt (D:1)
  4 kobolds
  5 rats
29 creatures vanquished.

Vanquished Creatures (others)
  A goblin (D:3)
  3 jackals (D:3)
4 creatures vanquished.

Grand Total: 33 creatures vanquished

Notes
Turn   | Place    | Note
--------------------------------------------------------------
     0 | D:1      | Raultor the Gargoyle Fighter began the quest for the Orb.
     0 | D:1      | Reached XP level 1. HP: 14/14 MP: 1/1
   131 | D:1      | Reached XP level 2. HP: 14/19 MP: 2/2
   834 | D:2      | Found a glowing golden altar of the Shining One.
   847 | D:2      | Reached XP level 3. HP: 23/23 MP: 3/3
   981 | D:2      | Reached XP level 4. HP: 10/29 MP: 4/4
  1009 | D:3      | HP: 1/29 [giant cockroach (1)]
  1025 | D:3      | Noticed Raultor's ghost (amateur TeAE)
  1035 | D:3      | Paralysed by Raultor's ghost for 6 turns
  1038 | D:3      | Slain by Raultor's ghost

Vault maps used:
D:1:      tarquinn_simple_flora_water_e
D:2:      nicolae_overflow_hidden_temple, serial_bayou_pond_b, uniq_iyjb
D:3:      hex_tiny, patterned_corridor, uniq_terence

Action                   |  1- 3 |  4- 6 || total
-------------------------+-------+-------++-------
Melee: Flail             |    76 |    16 ||    92
  Eat: Chunk             |       |     1 ||     1
